 Dungeon Crawl Stone Soup version 0.22.0-6-g71bd7aa (webtiles) character file.

107 Sqgman the Skirmisher (level 4, -1/29 HPs)
             Began as a Gargoyle Fighter on Aug 14, 2018.
             Slain by a goblin
             ... wielding a +0 club
             ... led by Robin
              (5 damage)
             ... on level 3 of the Dungeon.
             The game lasted 00:07:16 (1615 turns).

Sqgman the Skirmisher (Gargoyle Fighter)            Turns: 1615, Time: 00:07:16

Health: -1/29      AC: 11    Str: 21    XL:     4   Next: 86%
Magic:  4/4        EV:  7    Int:  8    God:
Gold:   86         SH:  9    Dex:  9    Spells: 3/3 levels left

rFire    . . .     SeeInvis .   a - +0 rapier
rCold    . . .     Gourm    .   c - +0 shield
rNeg     + . .     Faith    .   b - +1 scale mail
rPois    ∞         Spirit   .   (no helmet)
rElec    +         Reflect  .   (no cloak)
rCorr    .         Harm     .   (no gloves)
MR       .....                  (no boots)
Stlth    ..........             (no amulet)
HPRegen  0.09/turn              (no ring)
MPRegen  0.09/turn              (no ring)

@: no status effects
A: negative energy resistance 1, electricity resistance, unbreathing,
petrification resistance, rot immunity, AC +3
a: no special abilities


You were on level 3 of the Dungeon.
You were not hungry.

You visited 1 branch of the dungeon, and saw 3 of its levels.

You collected 86 gold pieces.

Inventory:

Hand Weapons
 a - a +0 rapier (weapon)
Armour
 b - a +1 scale mail (worn)
 c - a +0 shield (worn)
Scrolls
 e - 3 scrolls of identify
 i - 3 scrolls of remove curse
 k - a scroll of teleportation
Potions
 d - a potion of might
 g - a potion of flight {unknown}
 h - 3 potions of heal wounds {unknown}
 l - a potion of brilliance {unknown}
Comestibles
 f - 3 rations


   Skills:
 + Level 4.1 Fighting
 + Level 2.6 Short Blades
 + Level 4.0 Armour
 + Level 0.5 Dodging
 + Level 3.9 Shields


You had 3 spell levels left.
You didn't know any spells.
Your spell library was empty.

Dungeon Overview and Level Annotations

Branches:
Dungeon (3/15)

Altars:
Gozag

Annotations:
D:3 Robin


Innate Abilities, Weirdness & Mutations

You are resistant to torment.
Your stone body is resilient. (AC +3)
You are immune to poison.
You resist negative energy. (rN+)
You are resistant to electric shocks. (rElec)
You can survive without breathing.
You are immune to petrification.
You are immune to rotting.


Message History

You miss the goblin. You block the goblin's attack.
The hobgoblin hits you with a club. You block the goblin's attack.
The goblin hits you. The goblin hits you but does no damage.
The hobgoblin hits you. The goblin hits you but does no damage.
The goblin closely misses you.
You hit the goblin but do no damage. The goblin hits you but does no damage.
The hobgoblin hits you but does no damage.
The goblin hits you but does no damage. x2; The goblin completely misses you.
The hobgoblin hits you.
* * * LOW HITPOINT WARNING * * *
The goblin hits you but does no damage. You block the goblin's attack.
As you read the scroll of fog, it crumbles to dust.
The scroll dissolves into smoke.
You block the goblin's attack. x2
The hobgoblin barely misses you. The goblin hits you but does no damage.
You block the goblin's attack.
The hobgoblin hits you but does no damage.
The goblin hits you with a club.
* * * LOW HITPOINT WARNING * * *
The goblin hits you with a club.
You die...

###
####<#####+#
#§§$........
#.ggg§......
#sg@gg....!.
#.ggg.......
##gg....#+##
#......#
#......#
#)...!.#
#%.....#
#......#


You could see Robin, a giant cockroach, 4 hobgoblins and 6 goblins.

Vanquished Creatures
  A bullfrog (D:2)
  An ooze (D:1)
  2 worms (D:2)
  A dart slug (D:1)
  4 bats
  3 giant cockroaches
  A hobgoblin (D:3)
  6 jackals
  2 kobolds (D:2)
  A ball python (D:2)
  A frilled lizard (D:2)
  6 goblins
  3 rats (D:1)
32 creatures vanquished.

Notes
Turn   | Place    | Note
-------+----------+-------------------------------------------
     0 | D:1      | Sqgman the Gargoyle Fighter began the quest for the Orb.
     0 | D:1      | Reached XP level 1. HP: 14/14 MP: 1/1
   210 | D:1      | Reached XP level 2. HP: 18/19 MP: 2/2
   498 | D:1      | Reached XP level 3. HP: 14/24 MP: 3/3
   623 | D:2      | Noticed a bullfrog
   636 | D:2      | Killed a bullfrog
   636 | D:2      | Reached XP level 4. HP: 24/29 MP: 4/4
   707 | D:2      | Found an opulent altar of Gozag.
  1602 | D:3      | Noticed Robin
  1615 | D:3      | Slain by a goblin

Skill      XL: |  1  2  3 |
---------------+----------+-----
Fighting       | 4 |  4.1
Short Blades   | 2 |  2.6
Armour         | 4 |  4.0
Dodging        | |  0.5
Shields        | |  3.9

Action                   |  1- 3 |  4- 6 || total
-------------------------+-------+-------++-------
Melee: Rapier            |    57 |    64 ||   121
  Use: Scroll            |     5 |     2 ||     7
  Eat: Chunk             |       |     2 ||     2
Armor: Scale mail        |    37 |    65 ||   102
Dodge: Dodged            |    18 |    30 ||    48
Block: Shield            |    28 |    49 ||    77
